 Dungeon Crawl Stone Soup version 0.25-a0-50-gf0389da217 (webtiles) character file.

Game seed: 10831194210016291224, levelgen mode: deterministic

35914 Froggeryz the Severer (level 13, -1/118 HPs)
             Began as a Hill Orc Gladiator on Oct 24, 2019.
             Was the Champion of Okawaru.
             Slain by an orc warrior
             ... wielding a +0 long sword
             ... led by an orc knight
              (9 damage)
             ... on level 1 of the Orcish Mines.
             The game lasted 00:39:45 (18976 turns).

Froggeryz the Severer (Hill Orc Gladiator)         Turns: 18976, Time: 00:39:45

Health: -1/118     AC: 22    Str: 23    XL:     13   Next: 86%
Magic:  28/28      EV:  9    Int: 11    God:    Okawaru [******]
Gold:   1383       SH:  0    Dex: 12    Spells: 18/20 levels left

rFire    + . .     SeeInvis .   o - +2 battleaxe (vamp)
rCold    . . .     Gourm    .   (shield currently unavailable)
rNeg     . . .     Faith    .   N - +2 chain mail {rF+}
rPois    +         Spirit   .   u - +0 helmet
rElec    .         Reflect  .   B - +0 cloak
rCorr    .         Harm     .   b - +2 pair of gloves {archery}
MR       .....                  L - +0 pair of boots
Stlth    ..........             (no amulet)
HPRegen  0.29/turn              E - ring of poison resistance
MPRegen  0.21/turn              A - ring of Cuats {MP+9 AC+2 Str+4}

@: no status effects
A: no striking features
a: Heroism, Finesse, Renounce Religion


You were on level 1 of the Orcish Mines.
You worshipped Okawaru.
Okawaru was exalted by your worship.
You were very hungry.

You visited 5 branches of the dungeon, and saw 20 of its levels.
You also visited: Ossuary.

You collected 1383 gold pieces.

Inventory:

Hand Weapons
 o - a +2 vampiric battleaxe (weapon)
 z - a +3 battleaxe of electrocution
Missiles
 d - 2 throwing nets
 h - 113 sling bullets
 k - 4 silver boomerangs
 t - 19 boomerangs (quivered)
 M - 7 atropa-tipped darts
 P - 9 datura-tipped darts
Armour
 b - a +2 pair of gloves of archery (worn)
 u - a +0 helmet (worn)
 B - a +0 cloak (worn)
 C - a +1 hat of intelligence
 D - a +1 chain mail of positive energy
 L - a +0 pair of boots (worn)
 N - a +2 chain mail of fire resistance (worn)
Jewellery
 j - an uncursed ring of wizardry
 w - an uncursed ring of protection from fire {unknown}
 x - an uncursed ring of positive energy
 A - the ring of Cuats (right hand) {MP+9 AC+2 Str+4}
   (You found it on level 6 of the Dungeon)

   [ring of protection]

   It affects your AC (+2).
   It affects your strength (+4).
   It affects your magic capacity (+9).
 E - a ring of poison resistance (left hand)
Wands
 a - a wand of digging (8)
 c - a wand of flame (30)
 q - a wand of random effects (25)
 v - a wand of disintegration (17)
 I - a wand of enslavement (1)
Scrolls
 e - 8 scrolls of identify
 l - 19 scrolls of remove curse
 r - 4 scrolls of magic mapping
 y - 2 scrolls of fog
 H - 2 scrolls of teleportation
Potions
 g - 4 potions of curing
 m - a potion of might
 s - 2 potions of brilliance
 F - 2 potions of magic
 J - 4 potions of haste
Miscellaneous
 i - a fan of gales
 n - a lamp of fire (inert)
Comestibles
 f - 33 rations


   Skills:
 - Level 12.1 Fighting
 * Level 19.7 Axes
 - Level 4.3 Throwing
 + Level 8.2 Armour
 - Level 2.4 Dodging
 - Level 4.3 Spellcasting
 - Level 4.1 Charms
 + Level 2.6 Air Magic
 - Level 4.3 Invocations
 - Level 5.1 Evocations


You had 18 spell levels left.
You knew the following spells:

 Your Spells              Type           Power        Failure   Level  Hunger
a - Swiftness             Chrm/Air       #.......     47%         2    ##.....

Your spell library contained the following spells:

 Spells                   Type           Power        Failure   Level  Hunger
 Shock                    Conj/Air       #...         63%         1    #......
 Animate Skeleton         Necr           N/A          80%         1    #......
 Apportation              Tloc           #.....       80%         1    #......
 Beastly Appendage        Tmut           #.....       80%         1    #......
 Confusing Touch          Hex            #.....       80%         1    #......
 Summon Small Mammal      Summ           #...         80%         1    #......
 Sticks to Snakes         Tmut           #.......     91%         2    ##.....
 Static Discharge         Conj/Air       #.......     94%         3    ###....
 Spider Form              Tmut/Pois      #.........   99%         3    ###....
 Airstrike                Air            #.........   99%         4    #####..
 Ice Form                 Ice/Tmut       #.......     100%        4    #####..
 Blade Hands              Tmut           #.........   100%        5    ######.
 Lightning Bolt           Conj/Air       #.........   100%        5    ######.


Dungeon Overview and Level Annotations

Branches:
Dungeon (11/15)            Temple (1/1) D:6            Lair (6/6) D:9
  Swamp (0/4) Lair:3       Spider (1/4) Lair:2        Slime (0/5) Lair:6
    Orc (1/2) D:11        Ossuary (visited)

Altars:
Ashenzari
Cheibriados
Dithmenos
Elyvilon
Fedhas
Gozag
Hepliaklqana
Kikubaaqudgha
Makhleb
Nemelex Xobeh
Okawaru
Qazlal
Sif Muna
Trog
Uskayaw
Vehumet
Wu Jian
Xom
Yredelemnul
Zin
The Shining One
Jiyva

Shops:
D:11 [(

Annotations:
D:6 2 runed translucent doors
Lair:1 exclusion: oklob plant


Message History

The orc warrior hits you from afar with a +0 glaive.
* * * LOW HITPOINT WARNING * * *
Unknown command.
Unknown command.
Okay, then.
Unknown command.
You slice the orc knight!!
You kill the orc knight!
Okawaru accepts your kill.
You hit the orc warrior but do no damage.
The orc warrior hits you with a +0 dire flail!!
* * * LOW HITPOINT WARNING * * *
Unknown command.
Unknown command.
Okay, then.
Unknown command.
You feel better.
The orc warrior hits you but does no damage.
The orc warrior hits you with a +0 long sword!
You die...

####
##@.##.##
#oo)....#
##[o...##
#........
#..##.##.
...# ..#
.... ##
...#
....o


You could see 3 orc warriors.

Vanquished Creatures
  Gastronok (Lair:2)
  Erolcha (D:10)
  3 hydras (Lair:2)
  3 death yaks (D:9)
  An unseen horror (D:11)
  2 orc knights
  A cyclops (D:6)
  An orc sorcerer (Orc:1)
  13 elephants
  A moth of wrath (Lair:5)
  2 black mambas
  A torpor snail (Lair:3)
  7 spiny frogs
  A gargoyle (D:11)
  4 komodo dragons
  2 trolls
  5 hippogriffs
  5 blink frogs (Lair:3)
  A shadow (D:11)
  Sigmund (D:6)
  Eustachio (D:5)
  26 yaks
  2 basilisks
  A wyvern (D:8)
  2 hungry ghosts
  2 steam dragons
  4 swamp worms (Lair:3)
  Edmund (D:5)
  Menkaure (D:5)
  5 water moccasins
  8 porcupines
  A sky beast (D:9)
  5 orc warriors
  An eye of draining (D:9)
  2 black bears
  5 ice beasts
  9 ogres
  A necrophage (D:11)
  9 wolves
  7 centaurs
  11 crocodiles
  Blork the orc (D:6)
  2 big kobolds
  13 bullfrogs
  3 scorpions
  A wyvern skeleton (D:9)
  A water moccasin skeleton (D:6)
  13 killer bees
  5 wights (D:7)
  An electric eel (Lair:4)
  3 howler monkeys (D:9)
  5 centaur zombies
  2 bullfrog zombies
  3 crimson imps
  2 quasits (D:11)
  8 orc priests
  2 jellies (D:11)
  6 hounds
  2 bullfrog skeletons
  2 centaur skeletons
  4 iguanas
  16 orc wizards
  A hell rat (D:9)
  11 worker ants
  A killer bee zombie (D:10)
  2 big kobold zombies (Ossuary)
  A hound skeleton (D:11)
  2 mummies (Ossuary)
  A worker ant zombie (D:7)
  3 gnolls (D:8)
  13 adders
  2 river rats (D:9)
  4 shadow imps
  2 oozes
  An adder zombie (D:5)
  2 worms
  2 adder skeletons
  A dart slug (D:2)
  A leopard gecko (D:9)
  46 orcs
  9 giant cockroaches
  3 goblins
  7 hobgoblins (D:1)
  18 jackals
  13 quokkas
  3 ball pythons
  8 bats
  4 frilled lizards
  A gnoll zombie (Ossuary)
  3 goblin zombies (Ossuary)
  2 hobgoblin zombies (Ossuary)
  A jackal zombie (D:5)
  18 kobolds
  2 leopard gecko skeletons
  3 orc zombies (Ossuary)
  9 rats
  2 fungi (Lair:4)
  2 plants
459 creatures vanquished.

Vanquished Creatures (others)
  An orc warrior (Orc:1)
  9 fungi
  6 plants (Lair:5)
16 creatures vanquished.

Grand Total: 475 creatures vanquished

Notes
Turn   | Place    | Note
-------+----------+-------------------------------------------
     0 | D:1      | Froggeryz the Hill Orc Gladiator began the quest for the
                  | Orb.
     0 | D:1      | Reached XP level 1. HP: 18/18 MP: 1/1
    16 | D:1      | Reached XP level 2. HP: 15/25 MP: 2/2
   231 | D:1      | Reached skill level 5 in Axes
   474 | D:1      | Reached XP level 3. HP: 26/30 MP: 3/3
  1177 | D:2      | Reached skill level 6 in Axes
  1371 | D:2      | Found a white marble altar of Elyvilon.
  1376 | D:2      | Reached XP level 4. HP: 32/37 MP: 4/4
  1779 | D:3      | Reached skill level 7 in Axes
  1943 | D:3      | Reached XP level 5. HP: 30/42 MP: 5/5
  2039 | D:3      | Found an opulent altar of Gozag.
  2304 | D:3      | Found a shattered altar of Ashenzari.
  2539 | D:4      | Noticed an ogre
  2543 | D:4      | Reached skill level 8 in Axes
  2543 | D:4      | Noticed an ogre
  2556 | D:4      | Killed an ogre
  2556 | D:4      | Reached XP level 6. HP: 25/50 MP: 6/6
  2568 | D:4      | Reached skill level 9 in Axes
  3073 | D:4      | Reached skill level 10 in Axes
  3073 | D:4      | Reached XP level 7. HP: 23/57 MP: 7/7
  3549 | D:4      | Found a burning altar of Makhleb.
  3754 | D:5      | Entered Level 5 of the Dungeon
  3775 | D:5      | Noticed Eustachio
  3787 | D:5      | Reached skill level 11 in Axes
  3794 | D:5      | Killed Eustachio
  3794 | D:5      | Reached XP level 8. HP: 45/67 MP: 8/8
  3882 | D:5      | You fall into a shaft and drop 1 floor!
  3882 | D:6      | Found a shimmering blue altar of Sif Muna.
  3896 | D:5      | Found a sand-covered staircase.
  3901 | Ossuary  | Entered an ossuary
  3912 | Ossuary  | Reached skill level 5 in Fighting
  4306 | D:5      | Noticed Menkaure
  4311 | D:5      | Killed Menkaure
  4311 | D:5      | Reached skill level 12 in Axes
  4311 | D:5      | Reached skill level 1 in Armour
  4725 | D:6      | Found a sparkling altar of Nemelex Xobeh.
  4761 | D:6      | Found a staircase to the Ecumenical Temple.
  4765 | D:6      | Noticed Edmund
  4773 | Temple   | Entered the Ecumenical Temple
  4819 | D:5      | Killed Edmund
  4930 | Temple   | Became a worshipper of Warmaster Okawaru
  5096 | D:6      | Found a large runed translucent door.
  5096 | D:6      | Found a large runed translucent door.
  5148 | D:6      | Noticed Blork the orc
  5150 | D:6      | Noticed Sigmund
  5171 | D:6      | Killed Blork the orc
  5177 | D:6      | Reached XP level 9. HP: 66/75 MP: 9/9
  5178 | D:6      | Killed Sigmund
  5297 | D:6      | Reached skill level 13 in Axes
  5366 | D:6      | Reached * piety under Okawaru
  5602 | D:6      | Found a large runed translucent door.
  5602 | D:6      | Found a large runed translucent door.
  5622 | D:6      | Got a brightly glowing iron ring
  5632 | D:6      | Identified the ring of Cuats {MP+9 AC+2 Str+4} (You found
                  | it on level 6 of the Dungeon)
  6020 | D:6      | Noticed a cyclops
  6031 | D:6      | Killed a cyclops
  6031 | D:6      | Reached ** piety under Okawaru
  6031 | D:6      | Reached skill level 14 in Axes
  6031 | D:6      | Reached skill level 5 in Armour
  6374 | D:7      | Reached XP level 10. HP: 88/88 MP: 10/10
  6435 | D:7      | Found a bloodstained altar of Trog.
  6749 | D:7      | Reached *** piety under Okawaru
  7327 | D:7      | Reached skill level 15 in Axes
  7438 | D:8      | Found an ornate altar of the Wu Jian Council.
  7467 | D:8      | Reached skill level 1 in Spellcasting
  8375 | D:9      | Found a shadowy altar of Dithmenos.
  8375 | D:9      | Found a blossoming altar of Fedhas.
  8376 | D:9      | Found a hazy altar of Hepliaklqana.
  8396 | D:9      | Found a snail-covered altar of Cheibriados.
  8419 | D:9      | Reached **** piety under Okawaru
  8839 | D:9      | Noticed a death yak
  8841 | D:9      | Noticed a death yak
  8844 | D:9      | Noticed a death yak
  8869 | D:9      | Killed a death yak
  8869 | D:9      | Reached skill level 16 in Axes
  8869 | D:9      | Reached XP level 11. HP: 49/99 MP: 14/14
  8872 | D:9      | Killed a death yak
  8877 | D:9      | Killed a death yak
  8877 | D:9      | Reached ***** piety under Okawaru
  8877 | D:9      | Reached skill level 10 in Fighting
  9243 | D:9      | Found a staircase to the Lair.
  9664 | Lair:1   | Entered Level 1 of the Lair of Beasts
 10317 | Lair:1   | Noticed an oklob plant
 10610 | Lair:1   | Reached skill level 17 in Axes
 11199 | Lair:2   | Received a gift from Okawaru
 11583 | Lair:2   | Received a gift from Okawaru
 11605 | Lair:2   | Found a hole to the Spider Nest.
 11675 | Lair:2   | Identified a scroll of acquirement
 11906 | Lair:2   | Noticed Gastronok
 11932 | Lair:2   | Killed Gastronok
 11932 | Lair:2   | Reached ****** piety under Okawaru
 11932 | Lair:2   | Reached XP level 12. HP: 53/108 MP: 18/18
 11996 | Lair:2   | Reached skill level 1 in Invocations
 12234 | Lair:2   | Received a gift from Okawaru
 12235 | Lair:2   | Got a jewelled hat {god gift}
 12236 | Lair:2   | Identified the -3 hat of Bimum {rC- Int+3 Dex+4} (Okawaru
                  | gifted it to you on level 2 of the Lair of Beasts)
 12283 | Lair:2   | Noticed a six-headed hydra
 12305 | Lair:2   | Killed a six-headed hydra
 12658 | Lair:3   | Noticed a five-headed hydra
 12829 | Spider:1 | Entered Level 1 of the Spider Nest
 12855 | Lair:2   | Killed a five-headed hydra
 12855 | Lair:2   | Reached skill level 18 in Axes
 12941 | Lair:3   | HP: 4/110 [elephant (4)]
 13340 | Lair:3   | Learned a level 2 spell: Swiftness
 13406 | Lair:3   | Noticed a five-headed hydra
 13760 | Lair:3   | Noticed a seven-headed hydra
 14306 | Lair:3   | Reached skill level 1 in Charms
 14399 | Lair:3   | Found a staircase to the Swamp.
 14628 | Lair:3   | Received a gift from Okawaru
 15288 | Lair:4   | Reached skill level 19 in Axes
 15351 | Lair:4   | Reached skill level 1 in Evocations
 15351 | Lair:4   | Reached XP level 13. HP: 92/118 MP: 19/19
 15360 | Lair:4   | Received a gift from Okawaru
 16718 | Lair:6   | Entered Level 6 of the Lair of Beasts
 16839 | Lair:6   | Found a viscous altar of Jiyva.
 16839 | Lair:6   | Found a staircase to the Slime Pits.
 17531 | D:10     | Entered Level 10 of the Dungeon
 17583 | D:10     | Reached skill level 5 in Evocations
 17618 | D:10     | Received a gift from Okawaru
 17651 | D:10     | Noticed Erolcha
 17660 | D:10     | Killed Erolcha
 17880 | D:10     | Reached skill level 1 in Air Magic
 18153 | D:11     | Found Atol's Weapon Boutique.
 18153 | D:11     | Found a staircase to the Orcish Mines.
 18155 | D:11     | Found Omnoll's Armour Boutique.
 18398 | Orc:1    | Entered Level 1 of the Orcish Mines
 18452 | D:11     | Found an ancient bone altar of Kikubaaqudgha.
 18802 | D:11     | Received a gift from Okawaru
 18975 | Orc:1    | HP: 2/118 [orc warrior/+0 dire flail[an orc knight] (19)]
 18976 | Orc:1    | Slain by an orc warrior

Levels and vault maps discovered:
D:1:      mrwooster_arrival_statue_3, layout_basic, grunt_decor_one_mirror
D:2:      layout_loops_ring, elyvilon_altar_3
D:3:      layout_basic, grunt_gozag_statues, nicolae_ashenzari_panopticon,
          first_ration
D:4:      layout_loops_ring, lemuel_coloured_pillars_altar
D:5:      layout_loops_corners, lightli_ossuary_entry_decrepit_ruins,
          nrook_uturn, uniq_eustachio, uniq_menkaure
D:6:      layout_layer_cave, nemelex_xobeh_ov_fountains_minmay,
          lemuel_round_altar, minmay_temple_entry_offerings,
          minmay_hollow_rounded_squares, uniq_edmund, uniq_blork_the_orc,
          uniq_sigmund
D:7:      layout_loops_ring, lemuel_crystal_altar, grunt_ogre_cave
D:8:      layout_loops_ring, nicolae_overflow_crystal_walls
D:9:      layout_gridville, nicolae_overflow_quartered_altars,
          dpeg_lair_monsters, moated_statue
D:10:     layout_roguey, item_on_display_a, uniq_erolcha
D:11:     layout_roguey, orc_david_3, basic_altar, minmay_misc_feat_encased
Temple:   eino_temple_lava
Lair:1:   layout_cave_pods, lemuel_fruit_fields, grunt_megastairs_2,
          minmay_lair_oklob_chamber
Lair:2:   layout_chaotic_city, spider_nest_entry_web_field,
          chequers_serial_rivers_small_a, eino_small_chamber_without_monster,
          beast_lair_carwin_3, grunt_megastairs_3, uniq_gastronok
Lair:3:   layout_big_grid, palyth_hydra_swamp_entry
Lair:4:   layout_cave_pods, gauntlet_entry_generic, infiniplex_staircase_pool
Lair:5:   layout_cave_pods, nicolae_quartered_pool_medium, worms_lemuel,
          uniq_sonja
Lair:6:   grunt_lair_end_beastmaster, layout_gridlike, slime_altar_1
Spider:1: layout_spider_delve
Orc:1:    layout_caves, nicolae_orc_rockfall

Skill      XL: |  1  2  3  4  5  6  7  8  9 10 11 12 13 |
---------------+----------------------------------------+-----
Axes           | 5 6 7 8 10 11 12 14 16 17 19 | 19.7
Fighting       | 3 4 6 7 9 10 12 | 12.1
Armour         | 2 5 6 8 |  8.2
Spellcasting   | 2 4 |  4.3
Throwing       | 4 |  4.3
Invocations    | 4 |  4.3
Charms         | 2 4 |  4.1
Evocations     | 1 5 |  5.1
Air Magic      | 2 |  2.6
Dodging        | |  2.4

Action                   |  1- 3 |  4- 6 |  7- 9 | 10-12 | 13-15 || total
-------------------------+-------+-------+-------+-------+-------++-------
Melee: War axe           |   107 |   134 |   312 |   467 |       ||  1020
       Broad axe         |       |       |       |   287 |   135 ||   422
       Battleaxe         |       |       |       |       |   203 ||   203
Throw: Dart              |     2 |     4 |       |       |       ||     6
       Throwing net      |       |     2 |       |       |       ||     2
       Boomerang         |       |       |       |    47 |    43 ||    90
Evoke: Wand              |       |     1 |    18 |    48 |    13 ||    80
       Lamp of fire      |       |       |       |       |     1 ||     1
  Use: Potion            |       |       |     8 |     6 |     3 ||    17
       Scroll            |       |       |     3 |    15 |     2 ||    20
 Stab: Held in net/web   |       |     1 |       |       |       ||     1
       Paralysed         |       |       |     8 |       |       ||     8
       Confused          |       |       |     4 |       |       ||     4
       Invisible         |       |       |     1 |       |       ||     1
  Eat: Chunk             |     1 |     6 |    12 |    27 |     3 ||    49
       Ration            |       |       |       |     1 |     2 ||     3
Armor: Leather armour    |    34 |    38 |       |       |       ||    72
       Chain mail        |       |       |   143 |   466 |   300 ||   909
Dodge: Dodged            |   101 |    75 |   110 |   340 |   158 ||   784

Table legend:
 A = Non-vault XP
 B = Vault XP
 C = Vault XP percentage of total XP
 D = Non-vault monster count
 E = Vault monster count
 F = Vault count percentage of total count
                 A         B        C        D         E       F
            +---------+---------+-------+---------+---------+-------
      Total |   38599 |   12707 |  24.8 |     386 |      69 |  15.2
            +---------+---------+-------+---------+---------+-------
        D:1 |      52 |       0 |   0.0 |      33 |       0 |   0.0
        D:2 |      81 |       0 |   0.0 |      22 |       0 |   0.0
        D:3 |      44 |       0 |   0.0 |      12 |       0 |   0.0
        D:4 |     791 |       0 |   0.0 |      27 |       0 |   0.0
        D:5 |     378 |     529 |  58.3 |      13 |       3 |  18.8
        D:6 |     765 |    1621 |  67.9 |      18 |      11 |  37.9
        D:7 |    1786 |     127 |   6.6 |      48 |       1 |   2.0
        D:8 |     990 |       0 |   0.0 |      17 |       0 |   0.0
        D:9 |    1645 |    2831 |  63.2 |      37 |      11 |  22.9
       D:10 |    2147 |     966 |  31.0 |      27 |       1 |   3.6
       D:11 |    6146 |      15 |   0.2 |      41 |       5 |  10.9
     Temple |      13 |       0 |   0.0 |       1 |       0 |   0.0
     Lair:1 |    2499 |       0 |   0.0 |      13 |       0 |   0.0
     Lair:2 |    5329 |    4777 |  47.3 |      15 |      14 |  48.3
     Lair:3 |    6179 |    1097 |  15.1 |      23 |       6 |  20.7
     Lair:4 |    3358 |       0 |   0.0 |      14 |       0 |   0.0
     Lair:5 |    3855 |     505 |  11.6 |      11 |       1 |   8.3
     Lair:6 |     884 |       0 |   0.0 |       3 |       0 |   0.0
      Orc:1 |    1657 |       0 |   0.0 |      11 |       0 |   0.0
    Ossuary |       0 |     239 | 100.0 |       0 |      16 | 100.0
            +---------+---------+-------+---------+---------+-------
